 Dungeon Crawl Stone Soup version 0.24.0-123-gd5b16e6ec5 (webtiles) character file.

Game seed: 7341222641063057996, levelgen mode: deterministic

40 vurker the Gusty (level 3, -2/15 HPs)
             Began as a Felid Air Elementalist on Jan 31, 2020.
             Slain by an ice beast (3 damage)
             ... on level 2 of the Dungeon.
             The game lasted 00:02:33 (1262 turns).

vurker the Gusty (Felid Air Elementalist)           Turns: 1262, Time: 00:02:34

Health: -2/15      AC:  1    Str:  4    XL:     3   Next: 30%
Magic:  3/7        EV: 18    Int: 17    God:
Gold:   112        SH:  0    Dex: 16    Spells: 6/7 levels left
                                        Lives:  0   Deaths: 0

rFire    . . .     SeeInvis +   (weapon unavailable)
rCold    . . .     Gourm    .   (shield unavailable)
rNeg     . . .     Faith    .   (armour unavailable)
rPois    .         Spirit   .   (helmet unavailable)
rElec    .         Reflect  .   (cloak unavailable)
rCorr    .         Harm     .   (gloves unavailable)
MR       .....                  (boots unavailable)
Stlth    +++.......             l - amulet of magic regeneration
HPRegen  0.05/turn              (no ring)
MPRegen  0.35/turn              (no ring)

@: quick
A: very small, no armour, no weapons or thrown items, stealth, claws 1, fangs 3,
see invisible, carnivore, speed 1, shaggy fur 1, slow metabolism 1, sharp paws
a: no special abilities


You were on level 2 of the Dungeon.
You were completely stuffed.

You visited 1 branch of the dungeon, and saw 2 of its levels.

You collected 112 gold pieces.

Inventory:

Jewellery
 l - an amulet of magic regeneration (around neck)
   (You found it on level 2 of the Dungeon)
Scrolls
 a - a scroll of magic mapping {unknown}
 c - a scroll of enchant armour {unknown}
 g - 2 scrolls of random uselessness {unknown}
 h - a scroll of fear {unknown}
 i - 2 scrolls of identify {unknown}
Potions
 b - a potion of ambrosia {unknown}
 d - a potion of haste {unknown}
 f - 2 potions of flight {unknown}
 j - a potion of curing {unknown}
 k - a potion of degeneration {unknown}
 n - a potion of agility {unknown}
Comestibles
 e - a ration
 m - a chunk of flesh


   Skills:
 + Level 0.9 Fighting
 - Level 2.6 Dodging
 - Level 2.6 Stealth
 * Level 2.5 Spellcasting
 * Level 1.7 Conjurations
 * Level 3.1 Air Magic


You had 6 spell levels left.
You knew the following spells:

 Your Spells              Type           Power        Failure   Level  Hunger
a - Shock                 Conj/Air       ##..         7%          1    #......

Your spell library contained the following spells:

 Spells                   Type           Power        Failure   Level  Hunger
 Swiftness                Chrm/Air       #.......     14%         2    ##.....
 Static Discharge         Conj/Air       ##......     21%         3    ###....
 Airstrike                Air            ##........   45%         4    #####..
 Lightning Bolt           Conj/Air       ##........   88%         5    ######.


Dungeon Overview and Level Annotations

Branches:
Dungeon (2/15)

Altars:


Innate Abilities, Weirdness & Mutations

You cannot wear armour.
You are incapable of wielding weapons or throwing items.
Your paws allow you to move quietly. (Stealth)
You have sharp claws.
You have razor-sharp teeth.
You have supernaturally acute eyesight. (SInv)
You are carnivorous and can eat meat at any time.
You cover ground quickly.
You are covered in fur. (AC +1)
You have a slow metabolism.
Your sharp claws are effective at attacking unaware monsters.


Message History

You kill the rat!
You can't see any susceptible monsters within range! (Use Z to cast anyway.)
You can't see any susceptible monsters within range! (Use Z to cast anyway.)
You see here a rat corpse.
You butcher the rat corpse.
m - 3 chunks of flesh (gained 1)
You see here a rat skeleton.
You see here a spear.
The ice beast is too close now for your liking.
Some of the chunks of flesh in your inventory have rotted away.
You see here a spear.
You see here a spear.
What are your orders? t - Meow!
Orders for allies: a - Attack new target. r - Retreat! s - Stop attacking. g - Guard the area. f - Follow me.
Anything else - Cancel.
You meow for attention!
What are your orders? t - Meow!
Orders for allies: a - Attack new target. r - Retreat! s - Stop attacking. g - Guard the area. f - Follow me.
Anything else - Cancel.
You meow for attention!
What are your orders? t - Meow!
Orders for allies: a - Attack new target. r - Retreat! s - Stop attacking. g - Guard the area. f - Follow me.
Anything else - Cancel.
Okay, then.
You see here a rat skeleton.
You can't see any susceptible monsters within range! (Use Z to cast anyway.)
Okay, then.
The zap hits the ice beast. x2
The zap hits the ice beast but does no damage.
The zap hits the ice beast.
The zap hits the ice beast. x2
The ice beast hits you but does no damage.
The zap hits the ice beast.
The zap hits the ice beast but does no damage.
The ice beast hits you. The ice beast freezes you!
Ouch! That really hurt!
* * * LOW HITPOINT WARNING * * *
The zap hits the ice beast but does no damage. x2
The ice beast barely misses you.
The zap hits the ice beast. x2; The ice beast hits you.
You die...

######
....(#############
...........Y....>#
.....#รท#########.#
.....#.# #Y#
.....#Y####### #@#
......)....... #.#
..............
#.#######
#####......Y..
#.......#
##.###############.#
#$# .......# #.# #?#
#.....# #.# #.#
#.....# #.# #.#
#.....#####.#


You could see an ice beast.

Vanquished Creatures
  A gnoll (D:2)
  An adder (D:2)
  A leopard gecko (D:1)
  A ball python (D:2)
  A giant cockroach (D:2)
  2 hobgoblins
  A bat (D:2)
  A frilled lizard (D:1)
  4 goblins
  5 kobolds
  5 rats
23 creatures vanquished.

Notes
Turn   | Place    | Note
-------+----------+-------------------------------------------
     0 | D:1      | vurker the Felid Air Elementalist began the quest for the
                  | Orb.
     0 | D:1      | Reached XP level 1. HP: 7/7 MP: 4/4
    28 | D:1      | Reached skill level 1 in Conjurations
   289 | D:1      | Reached XP level 2. HP: 11/11 MP: 1/6
   995 | D:2      | Reached skill level 3 in Air Magic
  1045 | D:2      | Reached XP level 3. HP: 15/15 MP: 3/7
  1121 | D:2      | Noticed an ice beast
  1262 | D:2      | Slain by an ice beast

Levels and vault maps discovered:
D:1:      giann_horns, layout_loops_ring, minmay_tromino_v4_a
D:2:      layout_basic, minivault_26, serial_bayou_crossing

Skill      XL: |  1  2 |
---------------+-------+-----
Conjurations   | 1 |  1.7
Air Magic      | 3 |  3.1
Fighting       | |  0.9
Dodging        | |  2.6
Stealth        | |  2.6
Spellcasting   | |  2.5

Action                   || total
-------------------------++-------
Melee: Unarmed           ||     1
 Cast: Shock             ||    47
  Eat: Chunk             ||     8
Armor: Skin              ||     1
Dodge: Dodged            ||     9
